[Event "*** Titled Tuesday Blitz"]
[Site "Chess.com"]
[Date "2018.12.04"]
[Round "3"]
[White "volcanoexplorer"]
[Black "staz_staz"]
[Result "1-0"]
[WhiteElo "2402"]
[BlackElo "2350"]
[TimeControl "180+2"]
[EndTime "13:39:04 PST"]
[Termination "volcanoexplorer won by resignation"]

1. e4 c5 2. Nf3 e6 3. d4 cxd4 4. Nxd4 Nf6 5. Nc3 Nc6 6. Bg5 Qb6 7. Nb3 a6 8. Bd3 d6 9. O-O Be7 10. Be3 Qc7 11. f4 b5 12. Qe1 h5 13. a3 Bb7 14.
Rd1 Rc8 15. h3 h4 16. Qf2 Nd7 17. f5 O-O 18. Nd4 Nxd4 19. Bxd4 e5 20. Be3 Nf6 21. Bg5 Rfd8 22. Qxh4 d5 23. exd5 Bxd5 24. Nxd5 Rxd5 25. Kh1 Rcd8 26. Bxf6 Bxf6 27. Qh5 e4 28.
Bxe4 Rxd1 29. Rxd1 Rxd1+ 30. Qxd1 Bxb2 31. Qd5 Bxa3 32.
f6 Qd6 33. Qa8+ Qf8 34. Qxa6 Bc5 35. Qxb5 g6 36. Qc4 Qd6 37. Qf1 Qe5 38. Qf3 Bd6 39.
Kg1 Bc5+ 40. Kf1 Qa1+ 41. Ke2 Qd4 42. Bd3 Qe5+ 43. Be4 Qd4 44. g4 Bb4 45. Qd3 Qg1 46. c3 Bc5 47. Qf3 Qc1 48. Kd3 Bf8 49. Bd5 Qb1+ 50.
Kc4 Qa2+ 51. Kd3 Qb1+ 52. Ke2 Qc2+ 53. Kf1 Qc1+ 54. Kg2 Bc5 55. Bxf7+ Kxf7 56. Qd5+ Kxf6 57. Qxc5 Qd2+ 58. Qf2+ 1-0

[Event "*** Titled Tuesday Blitz"]
[Site "Chess.com"]
[Date "2018.12.04"]
[Round "3"]
[White "champ2005"]
[Black "Kimster98"]
[Result "1-0"]
[WhiteElo "2668"]
[BlackElo "2560"]
[TimeControl "180+2"]
[EndTime "13:39:07 PST"]
[Termination "champ2005 won by resignation"]

1. b3 g6 2. Bb2 Nf6 3. g3 Bg7 4.
Bg2 O-O 5. Nf3 b6 6. O-O Bb7 7. c4 c5 8. d4 cxd4 9. Qxd4 Nc6 10. Qh4 d6 11. Nc3 h6 12. Qf4 Nd7 13. Rfd1 Nc5 14.
Qd2 Qc8 15. Nd5 e5 16. b4 Ne4 17. Qe3 Nf6 18. Nxf6+ Bxf6 19. Rxd6 Bg7 20. a3 Nd4 21. Nxd4 Bxg2 22. Kxg2 exd4 23. Bxd4 Qxc4 24. Bxg7 Kxg7 25. Rc1 Qb5 26. Qd4+ Kg8 27. Qd3 Qxd3 28. Rxd3 a5 29. b5 Rac8 30. Rdc3 Rxc3 31. Rxc3 Re8 32. Kf3 Re5 33.
a4 f5 34. Rc6 Kg7 35. Rc4 Rd5 36. h4 g5 37. hxg5 hxg5 38. g4 f4 39. e3 fxe3 40. fxe3 Rd3 41. Rc7+ Kf6 42. Rc6+ Kf7 43. Rxb6 Ra3 44.
Ke4 Rxa4+ 45. Kf5 Rb4 46. Rb7+ Ke8 47. e4 a4 48. e5 a3 49. Ra7 Rxb5 50. Rxa3 Ke7 51.
Ra7+ Kf8 52. Ra6 Kf7 53. Rf6+ Ke7 54. Rg6 Rb1 55. Rg7+ Kf8 56. Rxg5 Kf7 57. e6+ Ke7 58. Rg7+ Kf8 59. Rf7+ Ke8 60. g5 Rf1+ 61. Kg6 Re1 62.
Rf6 Ke7 63. Kg7 Rg1 64. g6 Rg3 65. Rf1 Kxe6 66. Kh7 Rh3+ 67. Kg8 Rg3 68. g7 Ke7 69.
Re1+ Kd7 70. Re4 Rg1 71. Kf7 Rf1+ 72. Kg6 Rg1+ 73. Kf6 Rg2 74. Re5 Kd6 75. Rg5 Rf2+ 76. Kg6 1-0

[Event "*** Titled Tuesday Blitz"]
[Site "Chess.com"]
[Date "2018.12.04"]
[Round "3"]
[White "vinniethepooh"]
[Black "Satscho"]
[Result "1/2-1/2"]
[WhiteElo "2407"]
[BlackElo "2321"]
[TimeControl "180+2"]
[EndTime "13:39:11 PST"]
[Termination "Game drawn by repetition"]

1. d4 Nf6 2. c4 g6 3. Nc3 Bg7 4.
e4 d6 5. Nf3 O-O 6. Be2 e5 7.
O-O Nc6 8. d5 Ne7 9. b4 a5 10.
bxa5 Rxa5 11. a4 c5 12. Ra3 Ne8 13. Qc2 h6 14. Nd2 f5 15. exf5 Nxf5 16. Nce4 Nd4 17. Qd1 Bd7 18. Bg4 Kh7 19. Bxd7 Qxd7 20. Bb2 Bf6 21.
Bxd4 exd4 22. Qb3 Be5 23. Rb1 Rf7 24. Qc2 Kg7 25. Rb5 Ra6 26. Rf3 Bf4 27. Qb3 Bxd2 28. Rxf7+ Kxf7 29. Rxb7 Nc7 30. Nxd2 Rxa4 31. h3 Rb4 32.
Rxb4 cxb4 33. Qxb4 Na6 34. Qb2 d3 35. Qd4 Nc5 36. Qf4+ Kg7 37. Qe3 Qf7 38. Kh2 Qf6 39.
f3 h5 40. Kg3 Qc3 41. Qe7+ Kh6 42. Qe3+ Kg7 43. h4 Nb3 44. Qe7+ Kh6 45. Qe3+ Kg7 46. Nxb3 Qxb3 47. Qe7+ Kh6 48. Qg5+ Kg7 49. Qe7+ Kh6 50. Qf8+ Kh7 51. Qe7+ Kh6 52. Qe3+ Kg7 53. Qd4+ Kh7 54. Kf4 Qc2 55. Qe4 Qc1+ 56. Kg3 d2 57. Qe7+ Kg8 58.
Qe8+ Kg7 59. Qe7+ Kg8 60. Qe8+ Kg7 61. Qe7+ Kg8 62. Qe8+ Kg7 63. Qe7+ Kg8 1/2-1/2

[Event "*** Titled Tuesday Blitz"]
[Site "Chess.com"]
[Date "2018.12.04"]
[Round "3"]
[White "nubair1198"]
[Black "NeverEverForever1990"]
[Result "0-1"]
[WhiteElo "2607"]
[BlackElo "2433"]
[TimeControl "180+2"]
[EndTime "13:39:21 PST"]
[Termination "NeverEverForever1990 won by resignation"]

1. d4 Nf6 2. c4 e6 3. Nc3 Bb4 4. e3 O-O 5. Ne2 Re8 6. a3 Bf8 7. Ng3 d5 8. Be2 b6 9. O-O Ba6 10. b3 Nbd7 11. Bb2 c6 12. Rc1 Rc8 13. Re1 Bd6 14. cxd5 Bxe2 15. Qxe2 exd5 16. Nf5 Bf8 17. Qa6 g6 18. Ng3 Rc7 19. e4 dxe4 20. Ngxe4 Nxe4 21. Nxe4 Bg7 22. h3 Nb8 23. Qd3 Rce7 24. Re3 Qd5 25. Rce1 Nd7 26. Nc3 Qd6 27. d5 Nc5 28. Qd2 Rxe3 29.
Rxe3 Rxe3 30. Qxe3 cxd5 31. Nb5 Qe6 32. Qxe6 fxe6 33. Bxg7 Kxg7 34. b4 Nb7 35. Nxa7 Nd6 36. Kf1 Kf7 37. Ke2 Ke7 38. Nc6+ Kf6 39. f4 Nb5 40.
Kd3 Nxa3 41. Ne5 h5 42. Nd7+ Kf5 43. Ne5 Nc4 44. g4+ hxg4 45. hxg4+ Kxf4 46. Nxg6+ Kxg4 47. Kd4 Kf5 48. Ne7+ Kf4 49. b5 Nd6 50. Kd3 Nxb5 51. Nc8 e5 52. Nxb6 e4+ 53. Kd2 d4 54. Nc4 Nc3 55. Nb2 Nb1+ 56. Ke2 Nc3+ 57. Kd2 Nd5 58. Ke2 Nb4 59. Nc4 e3 60. Nb2 Ke4 61. Nd1 d3+ 62. Ke1 Nc2+ 63. Kf1 e2+ 64. Kg2 exd1=Q 65. Kh2 Qe2+ 66.
Kh3 Ne3 67. Kg3 Qg2+ 0-1

[Event "*** Titled Tuesday Blitz"]
[Site "Chess.com"]
[Date "2018.12.04"]
[Round "3"]
[White "vanyakuba"]
[Black "SerGo055"]
[Result "1-0"]
[WhiteElo "2360"]
[BlackElo "2445"]
[TimeControl "180+2"]
[EndTime "13:39:25 PST"]
[Termination "vanyakuba won by resignation"]

1. e4 d5 2. exd5 Nf6 3. d4 Qxd5 4. Nc3 Qd8 5. Nf3 c6 6. Bc4 Bf5 7. h3 e6 8. Qe2 Be7 9. O-O O-O 10. Bg5 Nbd7 11. Rad1 b5 12. Bb3 a5 13. a3 a4 14.
Ba2 Nb6 15. Ne5 Rc8 16. Bxf6 Bxf6 17. Ne4 Bxe4 18. Qxe4 Nd5 19. c3 Bxe5 20. dxe5 Qg5 21. g3 Rfd8 22. h4 Qg6 23. Bb1 Qxe4 24. Bxe4 h6 25. Rd2 Kf8 26. Rfd1 Ke7 27. Kf1 Rd7 28.
Ke2 Rcd8 29. f4 g6 30. Kf3 h5 31. Ke2 Rb8 32. Kf3 Kd8 33. Ke2 Kc7 34. Kf3 Kb6 35. Ke2 Kc5 36. Rd4 Rbd8 37. Kf3 Nb6 38. Rxd7 Rxd7 39. Rxd7 Nxd7 40. g4 hxg4+ 41. Kxg4 Nb6 42.
Kg5 Nc4 43. Bxg6 Nxb2 44. Bxf7 Nc4 45. h5 Nxa3 46. Bxe6 Nc4 47. Bxc4 Kxc4 48. h6 a3 49. h7 a2 50. h8=Q a1=Q 51. e6 Qe1 52. Qe5 Qg3+ 53. Kf5 Qh3+ 54. Kf6 Qh8+ 55. Ke7 Qh7+ 56. Kd6 c5 57. e7 Qg6+ 58. Qe6+ Qxe6+ 59. Kxe6 Kxc3 60. e8=Q b4 61. Kd5 c4 62. Qb5 b3 63. Qxc4+ Kb2 64. Kd4 Ka1 65. Qa4+ Kb1 66. Qxb3+ Ka1 67. Qc3+ Kb1 68.
Qd2 1-0

[Event "*** Titled Tuesday Blitz"]
[Site "Chess.com"]
[Date "2018.12.04"]
[Round "3"]
[White "CaptainCasanova"]
[Black "GhostOfGreenval"]
[Result "1/2-1/2"]
[WhiteElo "2657"]
[BlackElo "2841"]
[TimeControl "180+2"]
[EndTime "13:39:27 PST"]
[Termination "Game drawn by agreement"]

1. d4 Nf6 2. c4 c5 3. d5 b5 4. cxb5 a6 5. b6 d6 6. Nc3 g6 7. Nf3 Bg7 8. Nd2 Qxb6 9. e4 O-O 10. Nc4 Qc7 11. Be2 Nbd7 12. O-O Nb6 13. Na3 Bb7 14. Be3 e6 15. Bf3 Rfe8 16. Re1 exd5 17. exd5 Nfd7 18. g3 Ne5 19. Bg2 Nec4 20. Nxc4 Nxc4 21.
Bc1 Rxe1+ 22. Qxe1 Qd7 23. Qe2 Nb6 24. Qd3 a5 25.
Bf4 Ba6 26. Qc2 Rb8 27. Re1 Re8 28. Rxe8+ Qxe8 29. h4 Qe7 30. Kh2 Nc4 31. Ne4 f5 32. Ng5 Nxb2 33. Ne6 Bf6 34. Qb3 Qb7 35. Qxb7 Bxb7 36.
Bxd6 c4 37. Nc5 Bc8 38. Bf4 c3 39. d6 Bd4 40. d7 Bxd7 41. Nxd7 Nd3 42. Bd5+ Kg7 43.
Bb3 Nxf4 44. gxf4 Bxf2 45. Kg2 Bxh4 46. Kf3 h6 47. Bc2 Be7 48. Nb8 Bc5 49. Nc6 Bb6 50. a4 Kf6 51. Nb8 Ke6 52. Nc6 Kf6 53. Ne5 Bc7 54.
Nd7+ Ke6 55. Nf8+ Kf7 56. Nd7 Ke6 57. Nf8+ Kf7 58. Nd7 Ke7 59. Nc5 Kd6 60. Nd3 Kd5 61. Ke3 Bb6+ 62. Kf3 Bc7 63. Ke3 g5 64. Bb3+ Kc6 65.
Kd4 g4 66. Kxc3 Kd7 67. Kd4 h5 1/2-1/2

[Event "*** Titled Tuesday Blitz"]
[Site "Chess.com"]
[Date "2018.12.04"]
[Round "3"]
[White "Yeytruyol"]
[Black "GukeshDommaraju"]
[Result "1/2-1/2"]
[WhiteElo "2476"]
[BlackElo "2690"]
[TimeControl "180+2"]
[EndTime "13:39:28 PST"]
[Termination "Game drawn by repetition"]

1. d4 Nf6 2. Nf3 g6 3. c4 Bg7 4.
Nc3 O-O 5. e4 d6 6. Be2 e5 7.
O-O Nc6 8. d5 Ne7 9. Ne1 Nd7 10.
Nd3 f5 11. f3 f4 12. b4 g5 13. c5 Ng6 14. Ba3 Nf6 15. Rc1 Rf7 16. b5 h5 17. Nb2 Bf8 18. Nc4 dxc5 19. Bb2 b6 20. a4 g4 21. Nb1 Bd6 22. Nbd2 g3 23.
hxg3 fxg3 24. f4 Nxe4 25. Nxe4 Qh4 26. Nxg3 Qxg3 27. Rc3 Qh4 28. fxe5 Nxe5 29. Rxf7 Nxf7 30. Nxd6 cxd6 31. Rc4 Qg5 32. Bxh5 Bf5 33. Bxf7+ Kxf7 34. Qf3 Re8 35. Rf4 Kg6 36. g4 Re1+ 37. Kf2 Qh4+ 38.
Qg3 Re2+ 39. Kxe2 Qxg3 40. gxf5+ Kf7 41. Rf3 Qg2+ 42. Rf2 Qe4+ 43. Kf1 Qxd5 44. f6 Qc4+ 45. Kg1 Qxa4 46. Rg2 Qd1+ 47. Kh2 Qh5+ 48. Kg1 Ke6 49.
Kf1 Qd1+ 50. Kf2 Qd2+ 51. Kg1 Qe1+ 52. Kh2 Qh4+ 53. Kg1 c4 54. Re2+ Kd5 55. f7 Qg4+ 56. Kf1 Qh3+ 57. Ke1 Qf5 58. Rf2 Qb1+ 59. Ke2 Qxb2+ 60.
Kf1 Qc1+ 61. Kg2 Qg5+ 62. Kf1 Qc1+ 63. Kg2 Qg5+ 64. Kf1 Qc1+ 65. Kg2 Qg5+ 1/2-1/2

[Event "*** Titled Tuesday Blitz"]
[Site "Chess.com"]
[Date "2018.12.04"]
[Round "3"]
[White "Koksik_13"]
[Black "KenanGarayev"]
[Result "0-1"]
[WhiteElo "2737"]
[BlackElo "2757"]
[TimeControl "180+2"]
[EndTime "13:39:31 PST"]
[Termination "KenanGarayev won by resignation"]

1. e4 e6 2. d4 d5 3. Nc3 Nf6 4. e5 Nfd7 5. f4 c5 6. Nf3 Nc6 7. Be3 a6 8. Qd2 cxd4 9. Nxd4 Nxd4 10. Bxd4 Bc5 11. Nd1 O-O 12. Be2 b5 13. O-O Qb6 14. c3 a5 15. Ne3 Ba6 16. Kh1 f6 17. exf6 Nxf6 18. Bf3 b4 19. Rfe1 Ne4 20. Bxe4 dxe4 21. Bxc5 Qxc5 22. cxb4 Qxb4 23. Qf2 Rab8 24. b3 a4 25. bxa4 Qxa4 26. Qg3 Bd3 27. Rac1 Rb7 28. h3 Qxa2 29. Rc5 Rbf7 30. Ng4 Rb7 31. Rec1 Kh8 32. Ne5 Rb1 33. Kh2 Rxc1 34. Rxc1 Qa7 35. f5 exf5 36. Rc7 Qxc7 37. Ng6+ hxg6 38. Qxc7 Kh7 39. Qe7 Rf6 40. g3 Be2 41. Kg2 Bf3+ 42. Kf2 Bd1 43. Ke3 Bb3 44. Qb4 Bf7 45. Kf4 Re6 46. Ke3 g5 47. Qb8 Bg6 48. Qc7 Rf6 49. Qe7 f4+ 50. gxf4 gxf4+ 51. Ke2 e3 52.
Qe5 Kh6 53. Qb8 Kg5 54. Qh8 Bh5+ 55. Kf1 Rf7 56. Qd8+ Kg6 57. Qd3+ Rf5 58. Qe4 Kg5 59. h4+ Kg4 60. Kg2 Bf7 61. Kh2 Bd5 62. Qe7 g6 63. Kg1 Kf3 64. Kf1 Bc4+ 65. Ke1 Rb5 66. Kd1 Bd3 67.
Qb7+ Rxb7 0-1

[Event "*** Titled Tuesday Blitz"]
[Site "Chess.com"]
[Date "2018.12.04"]
[Round "3"]
[White "GadimbayliA"]
[Black "LyonBeast"]
[Result "0-1"]
[WhiteElo "2655"]
[BlackElo "2919"]
[TimeControl "180+2"]
[EndTime "13:39:32 PST"]
[Termination "LyonBeast won on time"]

1. e4 c5 2. Nf3 d6 3. Bb5+ Nd7 4. O-O a6 5. Be2 Ngf6 6. d3 g6 7. a4 Bg7 8. Nc3 O-O 9. Re1 Rb8 10. a5 b5 11. axb6 Nxb6 12. Bf4 Bg4 13. Nd2 Bxe2 14. Qxe2 Qc8 15. Ra2 Re8 16. Nc4 Nxc4 17. dxc4 Nd7 18. Bd2 Ne5 19. b3 Nc6 20. Nd5 e6 21. Nf4 Qb7 22. Nd3 a5 23. Bf4 Rbd8 24. Bg5 Ra8 25. Bf4 Qb6 26. e5 dxe5 27. Nxe5 Nb4 28. Ra4 Rad8 29. Rb1 Rd4 30. g3 Rdd8 31. c3 Nc6 32.
Nxc6 Qxc6 33. Be5 f6 34. Bf4 e5 35. Be3 f5 36. Rxa5 f4 37. Bxc5 f3 38. Qf1 e4 39.
Bd4 Bxd4 40. cxd4 e3 41. d5 Qb6 42. Rb5 Qd4 43. h4 Ra8 44. d6 e2 45. Qe1 Qxd6 46. Rd5 Qe6 47. Kh2 Rad8 48. Rxd8 Rxd8 49. c5 Rd4 50. Ra1 Qf6 51. Ra8+ Kf7 52. Ra7+ Ke8 53.
Ra8+ Kd7 54. c6+ Qxc6 55. Qa5 Qc7 56. Qb5+ Ke7 57. Qe8+ Kf6 58. Qf8+ Ke6 59. Qe8+ Kf5 60. Qf8+ Kg4 61. Rc8 e1=Q 0-1

[Event "*** Titled Tuesday Blitz"]
[Site "Chess.com"]
[Date "2018.12.04"]
[Round "3"]
[White "BillForster"]
[Black "Chessnut2018"]
[Result "1-0"]
[WhiteElo "1722"]
[BlackElo "1334"]
[TimeControl "180+2"]
[EndTime "13:39:35 PST"]
[Termination "BillForster won by resignation"]

1. d4 Nf6 2. c4 g6 3. Nc3 Bg7 4.
e4 d6 5. Bd3 O-O 6. Nge2 c5 7.
d5 e6 8. O-O e5 9. f3 Nbd7 10.
Be3 a6 11. a3 h5 12. b4 Nh7 13.
Qc2 b6 14. Rab1 a5 15. Rfc1 axb4 16. axb4 cxb4 17. Rxb4 Nc5 18. Rcb1 Rb8 19. Na4 Nxa4 20. Qxa4 Bd7 21. Qb3 f5 22. Nc3 fxe4 23. Nxe4 Bf5 24.
Rxb6 Rxb6 25. Qxb6 Qxb6 26. Rxb6 Bxe4 27. Bxe4 Rd8 28.
Bxg6 h4 29. Bxh7+ Kxh7 30. Kf2 Rd7 31. Bg5 Kg6 32. Bxh4 Kf5 33. Bg3 e4 34. Ke2 exf3+ 35. Kxf3 Be5 36. Bxe5 Kxe5 37. h4 Kd4 38. Rc6 Ke5 39.
g4 Rf7+ 40. Kg3 Rh7 41. h5 Rh6 42. Kh4 Rf6 43. g5 Rf4+ 44. Kg3 Rf1 45. g6 Rg1+ 46. Kh2 Rf1 47. h6 Rf8 48. g7 Rg8 49. Kh3 Kf6 50. Rxd6+ Kf7 51. Rc6 Rd8 52. Kg4 Kg8 53. Kf5 Rd7 54.
d6 Rf7+ 55. Ke6 Rf1 56. Rc8+ Kh7 57. g8=Q+ Kxh6 58. Qh8+ Kg5 59. Rg8+ 1-0

[Event "*** Titled Tuesday Blitz"]
[Site "Chess.com"]
[Date "2018.12.04"]
[Round "3"]
[White "DSCC1"]
[Black "WorldChampionBulletChess"]
[Result "1-0"]
[WhiteElo "2186"]
[BlackElo "2086"]
[TimeControl "180+2"]
[EndTime "13:39:40 PST"]
[Termination "DSCC1 won by checkmate"]

1. Nf3 d5 2. c4 e6 3. g3 Nf6 4. Bg2 c5 5. O-O Be7 6. b3 O-O 7. e3 Nc6 8. Bb2 d4 9. exd4 cxd4 10. Re1 d3 11. Ne5 Nb4 12. Na3 Bc5 13. Qf3 Qb6 14. Rf1 a6 15. Nxd3 Nxd3 16. Qxd3 Rd8 17. Qe2 Bd4 18. Bc3 Qc5 19. Nc2 Bxc3 20. dxc3 Rb8 21.
Rad1 Bd7 22. Qe3 Qe7 23. Rd2 Bc6 24. Bxc6 bxc6 25. Rfd1 Rdc8 26. Kg2 h6 27. Nb4 Qb7 28. Nd3 c5+ 29. Qf3 Qc7 30. Nb2 Qe5 31. Na4 Ne4 32. Re2 f5 33. Rd3 Qf6 34. Qe3 Qe7 35. f3 Ng5 36. h4 Nf7 37. Qxe6 Qc7 38. Qe7 Qxe7 39. Rxe7 Re8 40. Rxe8+ Rxe8 41. Kf2 Ne5 42. Re3 Kf7 43. Nxc5 Nc6 44. Rxe8 Kxe8 45. Nxa6 Kd7 46. Nb4 Ne5 47.
Ke3 g5 48. hxg5 hxg5 49. Nd3 Nc6 50. g4 fxg4 51. fxg4 Ke6 52. Ke4 Ne7 53. b4 Nc8 54. c5 Ne7 55. c4 Nc6 56. b5 Na5 57. Nb2 Nb7 58. c6 Nc5+ 59. Kd4 Kd6 60. Nd3 Ne6+ 61. Ke4 Nc7 62. a4 Ne6 63. a5 Nd8 64. a6 Ne6 65.
c5+ Kc7 66. Kd5 Nd8 67. b6+ Kc8 68. c7 Nc6 69. Ne5 Ne7+ 70. Ke6 Nc6 71. Kf5 Ne7+ 72. Kxg5 Nf5 73. a7 Kb7 74. gxf5 Ka6 75. a8=Q+ Kb5 76. Qc6+ Kb4 77. b7 Kb3 78. b8=Q+ Kc3 79. Qf3+ Kd2 80. Qd3+ Kc1 81. Qbb1# 1-0

[Event "*** Titled Tuesday Blitz"]
[Site "Chess.com"]
[Date "2018.12.04"]
[Round "3"]
[White "mikhaillushenkov"]
[Black "robbykevlishvili"]
[Result "0-1"]
[WhiteElo "2643"]
[BlackElo "2737"]
[TimeControl "180+2"]
[EndTime "13:39:42 PST"]
[Termination "robbykevlishvili won by resignation"]

1. Nf3 d5 2. d4 Nf6 3. c4 c6 4. Nc3 e6 5. e3 Nbd7 6. Bd3 dxc4 7. Bxc4 b5 8. Bd3 a6 9. a4 Bb7 10. Qe2 b4 11. Ne4 c5 12. Nxf6+ Nxf6 13. dxc5 Bxc5 14.
e4 O-O 15. O-O h6 16. Bf4 Qe7 17. a5 Rfd8 18. Rfd1 Nh7 19. Rac1 Nf8 20. Ne5 Bd4 21. Nc6 Bxc6 22. Rxc6 Qf6 23. Bc1 Ng6 24. Rxa6 Rxa6 25. Bxa6 Bxf2+ 26. Kh1 Rxd1+ 27. Qxd1 Bd4 28. b3 Qf2 29.
Bc4 Ne5 30. Qf1 Qc2 31. Be2 Qxb3 32. a6 Qc2 33. Bf4 Nc6 34. Qd1 b3 35. Qxc2 bxc2 36. Bc1 Nb4 37. Bc4 g5 38. g3 Kg7 39. Kg2 Kf6 40.
Kf3 Ke5 41. h4 g4+ 42. Kxg4 Kxe4 43. Kh5 Nc6 44. Bb3 Kd3 45. Kxh6 e5 46. Kg7 f5 47. Kg6 Nb4 48. Kxf5 Nxa6 49. Bf4 exf4 50. Bxc2+ Kxc2 51. Kxf4 Kd3 52. g4 Nc7 53. g5 Nd5+ 54. Kf5 Ne7+ 55. Ke6 Ng6 56. h5 Nf4+ 57. Kf5 Nxh5 58. g6 Ng7+ 59. Kg5 Ke4 60. Kg4 Ke5 61. Kf3 Kf5 62. Ke2 Kxg6 63. Kd3 Bf6 64. Ke4 Kg5 65. Kd5 Kf5 66. Kc4 Ke4 67. Kc5 Be5 68. Kc6 Nf5 69.
Kc5 Nd6 70. Kc6 Kd4 71. Kd7 Kd5 72. Ke7 Nf5+ 73. Kf7 Kd6 74. Kg6 Ke6 75. Kg5 Ne3 76.
Kg6 Bf4 77. Kg7 Nf5+ 78. Kg6 Ng3 79. Kg7 Be5+ 80. Kg6 Bf6 81. Kh7 Kf7 82. Kh6 Bh4 83. Kh7 Bg5 84. Kh8 Nh5 85. Kh7 Bf4 86. Kh8 Ng3 87. Kh7 Ne4 88. Kh8 Nc5 89. Kh7 Ne6 90.
Kh8 Be3 91. Kh7 Nf8+ 0-1

[Event "*** Titled Tuesday Blitz"]
[Site "Chess.com"]
[Date "2018.12.04"]
[Round "3"]
[White "ruvat"]
[Black "Godzillator"]
[Result "1-0"]
[WhiteElo "2306"]
[BlackElo "2372"]
[TimeControl "180+2"]
[EndTime "13:39:43 PST"]
[Termination "ruvat won by resignation"]

1. d4 d5 2. Nf3 Nf6 3. c4 c6 4.
Qc2 dxc4 5. Qxc4 Bf5 6. g3 e6 7. Bg2 Be7 8. O-O O-O 9. Qb3 Qb6 10. Nbd2 Nbd7 11. Nc4 Qxb3 12. axb3 Be4 13. Bf4 Nd5 14. Rfc1 Nxf4 15. gxf4 Bd5 16. Nfe5 Nf6 17. Na5 Rfb8 18. Nd3 Bxg2 19. Kxg2 Nd5 20. e3 Bd8 21. Nc4 Bc7 22. Kf3 a6 23. Nce5 Bxe5 24. Nxe5 Rd8 25. Nd3 Rab8 26.
Rc4 Nb6 27. Rc2 Nd7 28. b4 f6 29. Ra5 Kf7 30. Rc1 Nb6 31. b3 Rd6 32. Rac5 Rbd8 33.
Ra5 Nd7 34. Nc5 Nxc5 35. bxc5 R6d7 36. Ra4 e5 37. fxe5 fxe5 38. Rd1 Ke6 39. Rc4 exd4 40. Rcxd4 Rd5 41. b4 a5 42. bxa5 Rf8+ 43. Ke2 Rxc5 44. Rd6+ Kf5 45. Rd7 Kg6 46. R1d6+ Rf6 47. Rxf6+ gxf6 48. Rxb7 Rxa5 49. Kf3 Ra2 50. Rc7 Rc2 51. Kg3 h5 52. h4 Kf5 53. Rh7 Kg6 54. Rc7 c5 55. f3 c4 56. Kf4 Rh2 57. Kg3 Rc2 58. Kf4 Rc1 59. e4 c3 60. Rc6 Kf7 61. Kf5 c2 62. Rxf6+ Ke7 63. Rc6 Rf1 64. Rxc2 Rxf3+ 65. Kg5 Re3 66.
Rc4 Ke6 67. Kxh5 Rg3 68. Kh6 Ke5 69. h5 Rg1 70. Kh7 Kf6 71. Rc6+ Kf7 72. Rg6 Re1 73. Rg4 Rh1 74. h6 Rf1 75. e5 Rf5 76. e6+ Kxe6 77.
Kg8 Ke7 78. h7 Rf8+ 79. Kg7 Rf7+ 80. Kh6 Rf6+ 81. Rg6 Rf8 82. Rg8 Rf6+ 83. Kg5 Kf7 84. h8=Q Rf1 85. Rf8+ Ke7 86. Rxf1 1-0

[Event "*** Titled Tuesday Blitz"]
[Site "Chess.com"]
[Date "2018.12.04"]
[Round "3"]
[White "vpantev"]
[Black "chidori_boruto"]
[Result "0-1"]
[WhiteElo "2628"]
[BlackElo "2593"]
[TimeControl "180+2"]
[EndTime "13:39:55 PST"]
[Termination "chidori_boruto won by resignation"]

1. d4 d5 2. Nf3 Nf6 3. Bf4 c5 4. e3 Nc6 5. c3 cxd4 6. exd4 Bf5 7. Qb3 Qc8 8. Be2 e6 9. O-O Be7 10. h3 O-O 11. Nbd2 a6 12. a4 Na5 13. Qa2 Ne4 14.
Nxe4 Bxe4 15. Nd2 Bg6 16. Rfe1 Qd7 17. b4 Nc6 18. Nb3 b6 19. a5 b5 20. Bf3 Rac8 21.
Rad1 Rfe8 22. Nc5 Bxc5 23. dxc5 f6 24. Bd6 Bf7 25. Qd2 Ne7 26. Bg4 Rcd8 27. h4 Nc8 28.
Bg3 Qc6 29. h5 e5 30. f4 e4 31. h6 g6 32. Bxc8 Rxc8 33. Qd4 Qe6 34. Bh4 Rc6 35. Re3 Qf5 36. Rf1 Ree6 37. Kh2 Kf8 38. Qd1 Re8 39. g4 Qd7 40. Kg3 d4 41. Qxd4 Qxd4 42. cxd4 Bd5 43. Kf2 Kf7 44. Rfe1 Re7 45. f5 g5 46. Bg3 Re8 47.
Bd6 Kg8 48. Ke2 Kf7 49. Kd2 Kg8 50. Rd1 Kf7 51. Ree1 Rd8 52. Ke3 Re8 53. Rd2 Rd8 54. Rde2 Re8 55. Kd2 Kg8 56. Re3 Kf7 57. Kc3 Kg8 58.
Be5 fxe5 59. dxe5 Kf7 60. Kd4 Bc4 61. Kc3 Rxe5 62. Rxe4 Rxe4 63. Rxe4 Rxh6 64. Rd4 Ke7 65. Re4+ Kf7 66. Rd4 Rh3+ 67. Kc2 Rh6 68. Rd7+ Ke8 69. Ra7 Be2 70. Kc3 Bxg4 71. f6 Rxf6 72. Rxh7 Bd7 73.
Kd4 Rg6 74. Ke5 g4 75. Rh8+ Ke7 76. Rh7+ Kd8 77. Rh8+ Kc7 78. Rh1 0-1

[Event "*** Titled Tuesday Blitz"]
[Site "Chess.com"]
[Date "2018.12.04"]
[Round "3"]
[White "Fins0905"]
[Black "Shahinyan_ChessMood"]
[Result "1/2-1/2"]
[WhiteElo "2655"]
[BlackElo "2669"]
[TimeControl "180+2"]
[EndTime "13:40:07 PST"]
[Termination "Game drawn by repetition"]

1. d4 e6 2. c4 f5 3. g3 Nf6 4. Bg2 d5 5. Nh3 c6 6. O-O Bd6 7. Bf4 Be7 8. Nd2 O-O 9. Qc2 Nh5 10. Nf3 Nxf4 11. Nxf4 Bf6 12. Rfd1 Qe8 13. Rac1 Nd7 14. cxd5 exd5 15. Qxf5 Bxd4 16. Qe6+ Qxe6 17. Nxe6 Bxb2 18. Nxf8 Nxf8 19. Rb1 Bf6 20. Nd4 a5 21. a4 Ra7 22. e4 dxe4 23. Bxe4 Ne6 24. Nb3 Kf7 25. Bd3 b6 26. Bc4 Kf8 27. Rd6 Nd8 28. Rbd1 Ke8 29.
Nd4 Rd7 30. Re1+ Re7 31. Rd1 Rd7 32. Nf5 g6 33. Ne3 Rxd6 34. Rxd6 Be7 35. Rd1 Ne6 36. Nc2 Nc5 37. Nd4 Bd7 38. Ra1 Bf6 39. Rd1 Kd8 40. Nxc6+ Kc7 41. Nd4 Bxa4 42. Nb5+ Bxb5 43. Bxb5 Bb2 44.
Rd2 Bc3 45. Re2 a4 46. Re7+ Kb8 47. Rxh7 a3 48. Bc4 b5 49. Bd5 b4 50. Rh6 b3 51.
Rxg6 a2 52. Rg8+ Kc7 53. Ra8 a1=Q+ 54. Rxa1 Bxa1 55. f4 Bd4+ 56. Kg2 Kd6 57. Bc4 b2 58. Ba2 Na4 59. Bb1 Nc3 60. Bd3 b1=Q 61. Bxb1 Nxb1 62. Kf3 Kd5 63. h4 Nc3 64. h5 Ke6 65. g4 Kf6 66. Kg3 Ne4+ 67. Kf3 Nd6 68. Kg3 Bb2 69. Kf3 Bc1 70.
Kg3 Nf7 71. Kf3 Nd6 72. Kg3 Ne4+ 73. Kf3 Nd2+ 74. Ke2 Nc4 75. Kf3 Nd6 76. Kg3 1/2-1/2

[Event "*** Titled Tuesday Blitz"]
[Site "Chess.com"]
[Date "2018.12.04"]
[Round "3"]
[White "Micki-taryan"]
[Black "VincentBlom"]
[Result "1-0"]
[WhiteElo "2899"]
[BlackElo "2500"]
[TimeControl "180+2"]
[EndTime "13:40:07 PST"]
[Termination "Micki-taryan won by resignation"]

1. e4 c6 2. Nc3 d5 3. Nf3 Bg4 4. h3 Bxf3 5. Qxf3 e6 6. d3 Nf6 7.
g3 Bb4 8. Bd2 Qa5 9. Bg2 Nbd7 10. O-O d4 11. a3 Bxc3 12. bxc3 dxc3 13. Be1 e5 14. Qe3 O-O 15. Rb1 Qxa3 16. Rxb7 a5 17. Rb3 Qd6 18. Bxc3 a4 19. Rb2 a3 20. Ra2 Rfb8 21.
Rfa1 Rb7 22. Qc1 Rba7 23. Qe3 Ra4 24. Kh2 Ne8 25. Bd2 Nc7 26. f4 f6 27. fxe5 fxe5 28. Bc1 Nb5 29. Qd2 Nd4 30. Qc3 Nb5 31.
Qb3+ Kh8 32. c4 Nd4 33. Qc3 Qg6 34. Bxa3 Nf6 35. Qe1 h5 36. Qf2 Nb3 37. Rb1 Rxa3 38.
Rxa3 Rxa3 39. Qb2 Ra8 40. Qxb3 h4 41. gxh4 Nh5 42. Qd1 Qg3+ 43. Kh1 Nf4 44. Qg4 Qf2 45. Rf1 Qe3 46. Qf3 Qxd3 47. Qxd3 Nxd3 48. Bf3 Ra2 49.
Bg4 Nf4 50. Rd1 Rc2 51. h5 Kh7 52. Rd6 Rxc4 53. Bf5+ Kg8 54. Kh2 Kf7 55. h6 gxh6 56. Rxh6 c5 57. Kg3 Rc1 58. Rc6 c4 59. Kh4 c3 60. Kg5 Rg1+ 61. Bg4 Nxh3+ 62. Kf5 Rg3 63. Rc7+ Kg8 64. Bd1 Rd3 65. Bb3+ Kf8 66. Kxe5 Ke8 67.
Be6 Nf2 68. Rc8+ Rd8 69. Rxc3 Ra8 70. Rg3 Ra5+ 71. Bd5 Nxe4 72. Kxe4 Kd7 73. Ke5 Kc7 74. Rb3 Ra6 75. Rb7+ Kc8 76. Rh7 Rb6 77. Kd4 Rd6 78. Kc5 Rf6 79. Bc6 Kd8 80. Kb6 Rg6 81. Rd7+ Kc8 82.
Re7 Rg8 83. Re4 Kd8 84. Re5 Rh8 85. Kc5 Rh6 86. Re8+ Kc7 87. Re7+ Kd8 88. Rd7+ Kc8 89.
Kb6 Rg6 90. Re7 Rg8 91. Ra7 1-0

[Event "*** Titled Tuesday Blitz"]
[Site "Chess.com"]
[Date "2018.12.04"]
[Round "3"]
[White "martinique24"]
[Black "AndrewDGreen"]
[Result "1/2-1/2"]
[WhiteElo "2400"]
[BlackElo "2257"]
[TimeControl "180+2"]
[EndTime "13:40:18 PST"]
[Termination "Game drawn by stalemate"]

1. e4 c5 2. Nf3 g6 3. d4 cxd4 4. Nxd4 Nc6 5. c4 Nf6 6. Nc3 Nxd4 7. Qxd4 d6 8. f3 Bg7 9. Be3 O-O 10. Qd2 Be6 11. Be2 Rc8 12. Nd5 Nxd5 13. cxd5 Bd7 14. O-O a6 15. Rac1 f5 16. b3 fxe4 17. fxe4 Rxf1+ 18. Bxf1 Rxc1 19. Qxc1 Qc8 20. Qxc8+ Bxc8 21. Kf2 e6 22.
Bc4 b5 23. Be2 exd5 24. exd5 Be5 25. a4 bxa4 26. bxa4 Kf7 27. a5 Kf6 28. Bb6 Bc3 29. Ke3 Ke5 30. Kd3 Bb2 31. Bf3 Bd7 32.
Bd8 Bb5+ 33. Kc2 Bd4 34. Bh4 Be3 35. Kc3 Bf4 36. g3 Be3 37. Bd8 Bg1 38. Bb6 Bxh2 39. Bf2 h5 40. Kd2 Bc4 41. Ke1 Bxd5 42. Be2 Bb7 43. Kf1 Kf5 44. Bd3+ Kg5 45. Be2 Kf5 46. Bd3+ Kf6 47. Be2 Kg7 48. Bd3 Kh6 49. Be1 g5 50. Be2 Kg6 51. Bd3+ Kf6 52. Bc3+ Ke6 53. Be1 Ke5 54. Bg6 Bf3 55. Bd3 Bb7 56. Bg6 h4 57. gxh4 gxh4 58. Bxh4 Bf4 59. Be1 Be4 60. Be8 Bd3+ 61.
Kg2 d5 62. Kf3 Be4+ 63. Ke2 d4 64. Bh5 d3+ 65. Kd1 Kd4 66. Bh4 Bd5 67. Bf6+ Ke4 68. Bc3 Bb3+ 69. Ke1 Bg3+ 70. Kd2 Bf4+ 71. Ke1 Be5 72.
Bg6+ Kd5 73. Kd2 Bxc3+ 74. Kxc3 Bc2 75. Bxd3 Bxd3 76. Kxd3 Kc5 77. Kc3 Kb5 78. Kb3 Kxa5 79. Ka3 Kb5 80. Kb3 a5 81. Ka2 a4 82. Ka1 Kb4 83. Kb1 a3 84. Ka1 Kb3 85. Kb1 a2+ 86. Ka1 Ka3 1/2-1/2